← All builds
Front / Armada / Economy first / OBSERVED BUILD

Standard front

Standard economy-first Front play: Bot Lab and Vehicle Plant almost immediately, Advanced Metal Extractor around 9 minutes, with a mixed T1 army of Blitz, Rocketeer, Pawn and Janus sent to hold the wider gap and then middle.

#eco · 935 distinct matches · 127 players · 75% of Armada Front games · team won 63% of 1063 · Recently observed

HOW TO PLAY IT

Key timing: Vehicle Plant by 0:47

  1. Open 3 mex then Bot Lab and Vehicle Plant almost together.
  2. Layer wind while both labs start producing.
  3. Send early units to coast first to stop leaks, not middle.
  4. Add Construction Turrets as "Blitz", "Rocketeer", "Janus" mix builds up.
  5. Transition into Advanced Metal Extractor once T2 con is out.

Phase by phase

TYPICAL OF ITS 935 GAMES
  1. 1
  2. 2
  3. 3
PLAY THE OPENING

Follow the example game's first 6:00 step by step: what to build now, what comes next, and where it goes. At 1× it keeps pace with your own game.

  1. 1

    Up to the Bot Lab

    Economy
    • Metal Extractor2Mex
    • Wind Turbine1Wind
    Order
    1. Bot LabBot Lab after 3 mex, 1 winddone ~0:45, middle half 0:35–8:30

    Some games also: Vehicle Plant (41%)

    By 0:28 in all: 2 mex · 1 wind

    The example game in this phase · 2 steps
    1. Mex ×3
    2. Bot LabBot Labdone 0:44 · typical 0:45
  2. 2

    Bot Lab to 5:00

    Economy
    • Metal Extractor4Mex
    • Wind Turbine3Wind
    Army
    • Sentry1 Sentry

    Some games also: rocketeer (46%) · con bot (45%) · Lazarus (44%) · tick (40%) · centurion (37%)

    By 5:00 in all: 6 mex · 7 wind

    The example game in this phase · 43 steps
    1. TickTick ×3
    2. LazarusLazarus ×2
    3. Construction BotCon bot ×3
    4. CenturionCenturion
    5. Mex
    6. RocketeerRocketeer
    7. Mex
    8. RocketeerRocketeer
    9. TickTick
    10. RocketeerRocketeer
    11. Mex
    12. RocketeerRocketeer
    13. TickTick
    14. LazarusLazarus
    15. Wind
    16. SentrySentry
    17. RocketeerRocketeer ×2
    18. Wind
    19. TickTick
    20. SentrySentry
    21. RocketeerRocketeer ×2
    22. SentrySentry
    23. Wind
    24. TickTick
    25. RocketeerRocketeer
    26. SentrySentry
    27. RocketeerRocketeer
    28. TickTick
    29. Wind
    30. LazarusLazarus
    31. Construction BotCon bot
    32. Wind
    33. CenturionCenturion
    34. SentrySentry
    35. RocketeerRocketeer
    36. Wind
    37. SentrySentry
    38. RocketeerRocketeer
    39. TickTick
    40. RocketeerRocketeer
    41. Construction BotCon bot
    42. Con turret
    43. PawnPawn
  3. 3

    5:00 to 10:00

    Economy
    • Metal Extractor1Mex
    • Wind Turbine14Wind
    Builders
    • Construction Turret2 Con turret
    Army
    • Sentry1 Sentry

    Some games also: energy storage (46%) · blitz (39%) · rocketeer (39%) · pawn (36%) · Lazarus (35%)

    By 10:00 in all: 7 mex · 25 wind · 1 energy storage · 3 con turret

    The example game in this phase · 118 steps
    1. PawnPawn ×6
    2. Metal storage
    3. Mex
    4. PawnPawn
    5. Energy storage
    6. PawnPawn ×2
    7. SentrySentry
    8. RocketeerRocketeer
    9. Wind
    10. TickTick
    11. LazarusLazarus
    12. CenturionCenturion
    13. Wind
    14. RocketeerRocketeer
    15. Wind
    16. RocketeerRocketeer
    17. TickTick
    18. Wind
    19. RocketeerRocketeer ×2
    20. Wind
    21. TickTick
    22. LazarusLazarus
    23. Wind
    24. RocketeerRocketeer
    25. Wind
    26. RocketeerRocketeer
    27. TickTick
    28. RocketeerRocketeer
    29. SentrySentry
    30. RocketeerRocketeer
    31. SentrySentry
    32. PawnPawn
    33. Wind
    34. PawnPawn
    35. SentrySentry
    36. PawnPawn ×2
    37. Mex
    38. PawnPawn
    39. TickTick
    40. Con turret
    41. RocketeerRocketeer
    42. Wind
    43. Energy storage
    44. RocketeerRocketeer
    45. Wind
    46. TickTick
    47. Radar TowerRadar Tower
    48. Sneaky PeteSneaky Pete
    49. LazarusLazarus
    50. Wind ×2
    51. Construction BotCon bot
    52. Wind ×2
    53. Con turret
    54. Wind
    55. CenturionCenturion
    56. Wind
    57. Advanced Metal ExtractorT2 mexdone 11:04 · typical 8:52
    58. Wind
    59. Sneaky PeteSneaky Pete
    60. Wind
    61. RocketeerRocketeer
    62. Wind ×4
    63. PawnPawn
    64. Wind
    65. PawnPawn
    66. Wind
    67. Sneaky PeteSneaky Pete
    68. PawnPawn
    69. Wind ×2
    70. PawnPawn
    71. Con turret
    72. Mex
    73. Wind ×2
    74. Con turret
    75. Wind
    76. Advanced Metal ExtractorT2 mex
    77. Con turret
    78. LazarusLazarus
    79. BeamerBeamer
    80. TickTick ×2
    81. LazarusLazarus
    82. BeamerBeamer ×2
    83. Advanced Metal ExtractorT2 mex
    84. LazarusLazarus
    85. BeamerBeamer ×2
    86. Construction BotCon bot
    87. BeamerBeamer
    88. Construction BotCon bot
    89. Con turret
    90. Radar TowerRadar Tower
    91. Construction BotCon bot
    92. Advanced Metal ExtractorT2 mex
    93. Mex
    94. Con turret
    95. Wind
    96. Con turret
    97. Construction BotCon bot
    98. Mex
    99. Energy storage
    100. Con turret
    101. Wind
    102. Con turret
    103. Construction BotCon bot
    104. Sneaky PeteSneaky Pete
    105. Construction BotCon bot
    106. Wind
    107. Energy storage
    108. Advanced Metal ExtractorT2 mex
    109. TickTick ×4
    110. Wind
    111. TickTick ×4
    112. LazarusLazarus
    113. Wind
    114. Con turret
    115. TickTick ×2
    116. Energy storage
    117. TickTick
    118. PawnPawn ×2

Counts are medians over the build's games: half of them build more, half fewer. The example game is Ariah's (41 OS, 24/09/2026); pick another.

Team trades

IN AT LEAST 30% OF ITS GAMES

You hand over

Nothing regular.

You get

  • Tidal Generator4 Tidal from Pondfirst at 0:18 · in 68% of games
  • Advanced Construction Bot1 T2 con bot from Geo or Techfirst at 7:17 · in 67% of games

How it plays out

Typical game of this build, running totals by minute

Metal produced

010k20k30k
0:005:0010:0015:00

metal

Enemy metal destroyed

05k10k
0:005:0010:0015:00

metal

Own metal lost

05k10k
0:005:0010:0015:00

metal

1063 games.

Show as table
ByMetal produced: This buildEnemy metal destroyed: This buildOwn metal lost: This build
1:0033300
2:008462131
3:001624140105
4:002712540333
5:0038681188813
6:00507620991526
7:00631429842459
8:00766238713365
9:00908746324312
10:001066653085060
11:001260858195701
12:001481563136521
13:001744069817256
14:002018375848093
15:002263083948939
WHAT THE NUMBERS SAY

Standard Front play wins more often than suicide front and produces more metal by 15:00, reflecting its safer positioning.

  • + Metal produced reaches 22219 by 15:00, above suicide front's 19882
  • + Own losses of 8949 stay under enemy metal destroyed's near-equal 8347
  • − First unit lost by 1:44 shows exposure even from the safer side
  • − Wider gap to defend demands disciplined coast-then-mid unit movement
THE EXAMPLE YOU ARE READING

Ariah

41.3 OS · 24/09/2026

Open source match ↗

8 received units · includes a constructor
591 metal received · 45363 energy received

Allied construction assistance is unknown. Timings are observations, not a promise of solo reproducibility.

Typical milestones

Bot Lab0:45Middle 50%: 0:35–8:30 · n=670
Vehicle Plant0:47Middle 50%: 0:37–0:59 · n=753
Advanced Metal Extractor8:52Middle 50%: 8:00–10:03 · n=845

Played most by

Hummell91games of this buildhaaven82games of this buildLeohvm79games of this buildXad62games of this buildImmort36games of this build